 Dungeon Crawl Stone Soup version 0.30-a0-996-ga6910c8ee8 (webtiles) character file.

Game seed: 16301611712051157627

213 Twinkles the Digger (level 5, -1/31 HPs)
             Began as a Gargoyle Earth Elementalist on Apr 4, 2023.
             Was an Initiate of Ru.
             Slain by a hound (2 damage)
             ... on level 4 of the Dungeon.
             The game lasted 00:14:08 (3543 turns).

Twinkles the Digger (Gargoyle Earth Elementalist)   Turns: 3543, Time: 00:14:09

Health: -1/31      AC:  7    Str: 12    XL:     5   Next: 90%
Magic:  18/18      EV: 12    Int: 15    God:    Ru [......]
Gold:   107        SH:  0    Dex: 12    Spells: 7/10 levels left

rFire   . . .      SeeInvis .    r - +2 rapier (vamp)
rCold   . . .      Faith    .    (no shield)
rNeg    + . .      Spirit   .    f - +0 robe
rPois   ∞          Reflect  .    (no helmet)
rElec   +          Rampage  .    (no cloak)
rCorr   .                        (no gloves)
Will    .....                    g - +0 pair of boots
Stlth   ++                       (no amulet)
HPRegen 0.25/turn                h - ring of magical power
MPRegen 0.16/turn                (no ring)

@: no status effects
A: sickness immunity, AC +4, negative energy resistance 1, electricity
resistance, torment resistance 1, petrification resistance
a: Renounce Religion


You were on level 4 of the Dungeon.
You worshipped Ru.
Ru was noncommittal.
You visited 1 branch of the dungeon, and saw 4 of its levels.

You collected 107 gold pieces.

Inventory:

Hand Weapons
 a - a +0 dagger
 b - a +2 flail of protection
 r - a +2 vampiric rapier (weapon)
Missiles
 l - 11 poisoned darts
Armour
 f - a +0 robe (worn)
 g - a +0 pair of boots (worn)
Jewellery
 h - a ring of magical power (left hand)
Scrolls
 d - 4 scrolls of teleportation {unknown}
 e - 5 scrolls of identify {unknown}
 i - a scroll of silence {unknown}
 n - a scroll of enchant weapon {unknown}
 p - a scroll of acquirement {unknown}
 q - a scroll of butterflies {unknown}
Potions
 c - a potion of might {unknown}
 j - 3 potions of curing {unknown}
 k - a potion of invisibility {unknown}
 m - a potion of flight {unknown}
 o - a potion of attraction {unknown}
 s - a potion of lignification {unknown}
 H - 2 potions of haste
 Q - 2 potions of magic


   Skills:
 + Level 2.4 Fighting
 - Level 1.6 Dodging
 + Level 3.6 Stealth
 - Level 3.0 Spellcasting
 + Level 2.1 Transmutations
 + Level 4.6 Earth Magic


You had 7 spell levels left.
You knew the following spells:

 Your Spells              Type           Power      Damage    Failure   Level
a - Sandblast             Erth           32%        2d9       3%          1
b - Passwall              Tmut/Erth      10%        N/A       8%          2

Your spell library contained the following spells:

 Spells                   Type           Power      Damage    Failure   Level
 Stone Arrow              Conj/Erth      18%        3d8       22%         3
 Petrify                  Tmut/Erth      12%        N/A       45%         4


Dungeon Overview and Level Annotations

Branches:
Dungeon (4/15) Zot: 20412
 Temple: D:4-7

Altars:
Elyvilon
Fedhas
Kikubaaqudgha
Makhleb
Qazlal
Ru
Sif Muna
Trog
Yredelemnul
Zin
The Shining One

Shops:
D:1 :[


Innate Abilities, Weirdness & Mutations

You are immune to sickness and miasma.
Your stone body is resilient. (AC +4)
You are immune to poison.
You resist negative energy. (rN+)
You are resistant to electric shocks. (rElec)
You are resistant to unholy torment.
You are immune to petrification.


Message History

The white imp gestures at you. The puff of frost hits you!
The hound misses you.
You are too injured to fight recklessly!
You are too injured to fight recklessly!
You hit the hound.
The hound is moderately wounded.
The hound closely misses you. The white imp misses you. The hound bites you.
You closely miss the hound.
The hound is moderately wounded.
The white imp gestures at you. The puff of frost hits you!
* * * LOW HITPOINT WARNING * * *
The hound barely misses you.
You closely miss the hound.
The hound is moderately wounded.
The hound bites you.
* * * LOW HITPOINT WARNING * * *
The white imp closely misses you. The hound closely misses you.
The white imp laughs crazily.
The white imp hits you but does no damage.
You closely miss the hound.
The hound is moderately wounded.
The giant cockroach bites you but does no damage.
The hound barely misses you. The giant cockroach misses you.
The hound bites you.
* * * LOW HITPOINT WARNING * * *
The white imp hits you but does no damage.
You hit the hound.
The hound is heavily wounded.
The hound closely misses you.
The giant cockroach bites you but does no damage.
The white imp hits you but does no damage.
The hound closely misses you.
You hit the hound but do no damage.
The hound is heavily wounded.
The giant cockroach closely misses you. The hound bites you.
* * * LOW HITPOINT WARNING * * *
The white imp closely misses you. The giant cockroach barely misses you.
The hound bites you.
You die...

.............
............####
................
..............#.
.................
..................
........5.........
........h@.).....)
........B.........
..................##
....................
..................##
...................#
...................#
...................#
...................#


You could see a hound, a white imp and a giant cockroach.

Vanquished Creatures
  An orc priest (D:3)
  A gnoll bouda (D:3)
  3 gnolls (D:3)
  4 adders
  2 worms (D:3)
  3 dart slugs
  5 orcs
  4 bats
  7 endoplasms
  6 giant cockroaches
  3 goblins
  7 hobgoblins
  4 jackals (D:1)
  3 quokkas (D:1)
  3 ball pythons
  6 frilled lizards
  6 kobolds
  9 rats
77 creatures vanquished.

Vanquished Creatures (others)
  7 plants (D:3)
7 creatures vanquished.

Grand Total: 84 creatures vanquished

Notes
Turn   | Place    | Note
-------+----------+-------------------------------------------
     0 | D:1      | Twinkles the Gargoyle Earth Elementalist began the quest
                  | for the Orb.
     0 | D:1      | Reached XP level 1. HP: 10/10 MP: 3/3
    15 | D:1      | Found Pidubenk's Vocational Training.
   100 | D:1      | Found Jaeta's Antique Armour Shop.
   297 | D:1      | Reached skill level 1 in Transmutations
   297 | D:1      | Reached XP level 2. HP: 16/16 MP: 3/5
   634 | D:1      | Reached XP level 3. HP: 16/20 MP: 6/6
   662 | D:1      | Reached skill level 1 in Fighting
   958 | D:1      | Reached skill level 4 in Earth Magic
  1690 | D:2      | Reached XP level 4. HP: 22/25 MP: 7/7
  2594 | D:3      | Reached XP level 5. HP: 9/30 MP: 9/9
  2604 | D:3      | Learned a level 2 spell: Passwall
  3405 | D:3      | Found a stormy altar of Qazlal.
  3406 | D:3      | Found a blossoming altar of Fedhas.
  3406 | D:3      | Found a bloodstained altar of Trog.
  3406 | D:3      | Found a shimmering blue altar of Sif Muna.
  3407 | D:3      | Found an ancient bone altar of Kikubaaqudgha.
  3408 | D:3      | Found a basalt altar of Yredelemnul.
  3409 | D:3      | Found a burning altar of Makhleb.
  3410 | D:3      | Found a sacrificial altar of Ru.
  3442 | D:3      | Became a worshipper of Ru the Awakened
  3490 | D:4      | Found a white marble altar of Elyvilon.
  3490 | D:4      | Found a glowing golden altar of the Shining One.
  3490 | D:4      | Found a glowing silver altar of Zin.
  3539 | D:4      | HP: 4/31 [white imp/puff of frost (12)]
  3541 | D:4      | HP: 1/31 [hound (1)]
  3543 | D:4      | Slain by a hound

Illustrated notes

Levels and vault maps discovered:
D:1:      amcnicky_arrival_feature_with_door, layout_loops_cross,
          serial_co_window_serial, co_window_corner_a, co_window_paths_a,
          co_window_of_opportunity_a, co_window_of_opportunity_a,
          co_window_of_opportunity_a, co_window_paths_b, co_window_paths_a,
          co_window_corner_ca, co_window_unsneaky_path_d, co_window_broadway_a,
          co_window_unsneaky_path_a, co_window_4corner_a, co_window_paths_e,
          glass_columns_c, glass_columns_b, glass_columns_c, glass_columns_b,
          serial_shops, shop, nicolae_shop_vocational
D:2:      layout_loops_ring
D:3:      layout_basic, minitemple, chequers_serial_rivers_small_b,
          nicolae_grassy_gnolls
D:4:      layout_basic, dreamdust_divine_triumvirate, kennysheep_slug_shrine

Skill      XL: |  1  2  3  4  5 |
---------------+----------------+-----
Transmutations | 1 2 |  2.1
Fighting       | 1 2 |  2.4
Earth Magic    | 4 |  4.6
Stealth        | 3 |  3.6
Spellcasting   | 3 |  3.0
Dodging        | |  1.6

Action                     |  1- 3 |  4- 6 || total
---------------------------+-------+-------++-------
  Melee: Unarmed           |    31 |       ||    31
         Dagger            |    57 |   106 ||   163
         Flail             |       |     7 ||     7
         Rapier            |       |    11 ||    11
         Punch             |       |     1 ||     1
   Cast: Sandblast         |    34 |    47 ||    81
   Stab: Sleeping          |     3 |     4 ||     7
 Armour: Robe              |    38 |    75 ||   113
  Dodge: Dodged            |    73 |   121 ||   194

Table legend: (Time is in decaauts)
 A = Elapsed time spent in this place.
 B = Non-inter-level travel time spent in this place.
 C = Inter-level travel time spent in this place.
 D = Time resting spent in this place.
 E = Time spent auto-exploring this place.
 F = Levels seen in this place.
 G = Mean time per level.
                   A        B        C        D        E       F      G
               +--------+--------+--------+--------+--------+-----+--------+
         Total |   3586 |   3476 |    110 |    198 |   2464 |   4 |  896.5 |
       Dungeon |   3586 |   3476 |    110 |    198 |   2464 |   4 |  896.5 |
               +--------+--------+--------+--------+--------+-----+--------+

Top non-repeatable levels by time:
     D:1: 1509 daAuts
     D:3: 1067 daAuts
     D:2: 947 daAuts
     D:4: 62 daAuts
